 Dungeon Crawl Stone Soup version 0.24.0-1-gfbc8707122 (webtiles) character file.

Game seed: 4298191780473522391, levelgen mode: deterministic

3094 Inarius the Cleaver (level 9, 0/75 HPs)
             Began as a Minotaur Fighter on Oct 28, 2019.
             Was a Priest of Nemelex Xobeh.
             Slain by a yak (8 damage)
             ... on level 7 of the Dungeon.
             The game lasted 00:07:04 (5477 turns).

Inarius the Cleaver (Minotaur Fighter)              Turns: 5477, Time: 00:07:05

Health: 0/75       AC: 11    Str: 25    XL:     9   Next: 59%
Magic:  11/11      EV:  6    Int:  5    God:    Nemelex Xobeh [***...]
Gold:   429        SH: 11    Dex:  9    Spells: 8/8 levels left

rFire    . . .     SeeInvis +   a - +0 war axe
rCold    + . .     Gourm    .   c - +0 shield
rNeg     . . .     Faith    .   q - +0 chain mail
rPois    .         Spirit   .   (helmet restricted)
rElec    .         Reflect  .   s - +0 cloak
rCorr    .         Harm     .   (no gloves)
MR       .....                  (no boots)
Stlth    ..........             (no amulet)
HPRegen  0.22/turn              n - ring of protection from cold
MPRegen  0.12/turn              o - ring of see invisible

@: no status effects
A: retaliatory headbutt, horns 2
a: Draw Escape, Draw Destruction, Draw Summoning, Triple Draw, Renounce Religion


You were on level 7 of the Dungeon.
You worshipped Nemelex Xobeh.
Nemelex Xobeh was most pleased with you.
You were not hungry.

You visited 1 branch of the dungeon, and saw 7 of its levels.

You collected 429 gold pieces.

Inventory:

Hand Weapons
 a - a +0 war axe (weapon)
Missiles
 t - 12 javelins (quivered)
Armour
 b - a +0 scale mail
 c - a +0 shield (worn)
 q - a +0 chain mail (worn)
 s - a +0 cloak (worn)
Jewellery
 n - a ring of protection from cold (left hand)
 o - a ring of see invisible (right hand)
 B - a +2 ring of protection {unknown}
Wands
 p - a wand of digging (5)
 x - a wand of acid (4)
Scrolls
 i - a scroll of enchant weapon {unknown}
 j - 5 scrolls of remove curse
 k - a scroll of enchant armour {unknown}
 r - a scroll of teleportation {unknown}
 u - 9 scrolls of identify {unknown}
 v - 3 scrolls of immolation {unknown}
 w - 5 scrolls of fog {unknown}
 y - a scroll of acquirement {unknown}
 E - a scroll of magic mapping {unknown}
 G - a scroll of blinking {unknown}
Potions
 d - 2 potions of might
 e - 4 potions of heal wounds {unknown}
 g - 3 potions of lignification {unknown}
 h - 5 potions of agility {unknown}
 l - 4 potions of brilliance {unknown}
 m - 2 potions of magic {unknown}
 z - a potion of ambrosia {unknown}
 A - 2 potions of berserk rage {unknown}
 C - a potion of haste {unknown}
 D - 2 potions of curing {unknown}
 H - a potion of experience {unknown}
Comestibles
 f - 9 rations
 F - 11 chunks of flesh


   Skills:
 + Level 5.9 Fighting
 * Level 11.4 Axes
 + Level 0.2 Throwing
 + Level 6.9 Armour
 + Level 6.8 Shields
 * Level 4.4 Invocations
 - Level 1.6 Evocations


You had 8 spell levels left.
You didn't know any spells.
Your spell library contained the following spells:

 Spells                   Type           Power        Failure   Level  Hunger
 Confusing Touch          Hex            #.....       100%        1    ##.....
 Confuse                  Hex            #.......     100%        3    ####...
 Gell's Gravitas          Tloc           #.........   100%        3    ####...
 Petrify                  Tmut/Erth      #.......     100%        4    #####..
 Metabolic Englaciation   Hex/Ice        #.........   100%        5    ######.
 Yara's Violent Unravell  Hex/Tmut       #.........   100%        5    ######.


Dungeon Overview and Level Annotations

Branches:
Dungeon (7/15)             Temple (0/1) D:7

Altars:
Cheibriados
Dithmenos
Elyvilon
Fedhas
Hepliaklqana
Kikubaaqudgha
Makhleb
Nemelex Xobeh
Okawaru
Qazlal
Trog
Uskayaw
Vehumet
Xom
Zin


Innate Abilities, Weirdness & Mutations

You reflexively headbutt those who attack you in melee.
You have a pair of horns on your head.


Message History

The yak is severely wounded.
You hit the yak. x2; You block the yak's attack.
The yak barely misses you. You furiously retaliate!
You headbutt the yak.
Unknown command.
You hit the yak.
The yak is almost dead.
You slash the yak! You hit the yak.
The yak is no longer covered in acid.
You block the yak's attack. The yak closely misses you.
You block the yak's attack.
Unknown command.
You block the yak's attack.
Your chain mail prevents you from hitting the yak.
The yak is almost dead.
You hit the yak. You hit the yak but do no damage. The yak gores you.
* * * LOW HITPOINT WARNING * * *
The yak gores you!
* * * LOW HITPOINT WARNING * * *
The yak gores you!
You die...
Your body glows slightly and disappears.

#............###### ##....#...
'............#....# #.....#...
#............#....# #.....#...
#............#....# #.....#...
#............#....# ##...##...
#............#'##########...#....
##########........##...##...#....
....#....#........#.........#....
....#....#......@Y#.........#....
....#....#......YY'....##...#....
....#....#........#....##...#####
....#....#........#.........#..).
....'....'........#.........#....
'#########........##...##...#....
....####.###.......#...##...##.##
......+)...#.......#...##...##'##
.....(#....#.......#...........#.


You could see 3 yaks.

Vanquished Creatures
  Grinder (D:3)
  A hippogriff (D:7)
  2 yaks (D:7)
  Purgy (D:3)
  A sky beast (D:6)
  A black bear (D:7)
  3 ogres
  2 centaurs
  A bullfrog (D:6)
  3 howler monkeys
  2 crimson imps (D:5)
  2 centaur zombies
  2 jellies
  An orc priest (D:4)
  6 hounds
  An iguana (D:4)
  3 orc wizards
  6 worker ants
  A hound skeleton (D:5)
  14 adders
  11 gnolls
  A shadow imp (D:7)
  2 oozes
  3 worms (D:3)
  A leopard gecko (D:3)
  19 orcs
  A ball python (D:5)
  7 bats
  7 giant cockroaches
  4 goblins
  12 hobgoblins
  3 quokkas
  2 frilled lizards
  5 kobolds
  7 rats
139 creatures vanquished.

Vanquished Creatures (collateral kills)
  A two-headed ogre (D:6)
  A bullfrog (D:6)
  A scorpion (D:6)
  A wight (D:6)
  A hound skeleton (D:6)
5 creatures vanquished.

Vanquished Creatures (others)
  An orc priest (D:6)
1 creature vanquished.

Grand Total: 145 creatures vanquished

Notes
Turn   | Place    | Note
-------+----------+-------------------------------------------
     0 | D:1      | Inarius the Minotaur Fighter began the quest for the Orb.
     0 | D:1      | Reached XP level 1. HP: 19/19 MP: 0/0
   246 | D:1      | Reached XP level 2. HP: 27/27 MP: 1/1
   635 | D:2      | Reached skill level 3 in Axes
   767 | D:2      | Reached XP level 3. HP: 33/33 MP: 2/2
  1370 | D:3      | Noticed an ogre
  1375 | D:3      | Killed an ogre
  1375 | D:3      | Reached skill level 4 in Axes
  1375 | D:3      | Reached skill level 1 in Evocations
  1375 | D:3      | Reached XP level 4. HP: 32/40 MP: 3/3
  1375 | D:3      | Reached XP level 5. HP: 36/46 MP: 4/4
  1561 | D:3      | Reached skill level 5 in Axes
  1692 | D:3      | Found a glowing silver altar of Zin.
  1770 | D:3      | Found a sparkling altar of Nemelex Xobeh.
  1778 | D:3      | Became a worshipper of Nemelex Xobeh the Trickster
  1938 | D:3      | Received a gift from Nemelex Xobeh
  2177 | D:4      | Reached XP level 6. HP: 36/52 MP: 6/6
  2181 | D:4      | Reached skill level 6 in Axes
  2536 | D:4      | Reached skill level 1 in Invocations
  2634 | D:4      | Found a white marble altar of Elyvilon.
  2651 | D:4      | Reached XP level 7. HP: 44/59 MP: 7/7
  2794 | D:4      | Reached skill level 7 in Axes
  2814 | D:4      | Reached skill level 5 in Shields
  2830 | D:4      | Found an ancient bone altar of Kikubaaqudgha.
  2975 | D:3      | Noticed Grinder
  2987 | D:3      | Killed Grinder
  2987 | D:3      | Reached skill level 5 in Armour
  3101 | D:3      | Noticed Purgy
  3111 | D:3      | Killed Purgy
  3111 | D:3      | Reached skill level 8 in Axes
  3198 | D:4      | Found a white marble altar of Elyvilon.
  3247 | D:4      | Reached * piety under Nemelex Xobeh
  3428 | D:5      | Entered Level 5 of the Dungeon
  3506 | D:5      | Reached XP level 8. HP: 63/67 MP: 8/8
  3600 | D:5      | Found a shadowy altar of Dithmenos.
  3644 | D:5      | Found a stormy altar of Qazlal.
  3701 | D:5      | Received a gift from Nemelex Xobeh
  3705 | D:5      | Reached skill level 9 in Axes
  3776 | D:5      | Found a blossoming altar of Fedhas.
  3782 | D:5      | Found a snail-covered altar of Cheibriados.
  3783 | D:5      | Found a bloodstained altar of Trog.
  3852 | D:5      | Found a radiant altar of Vehumet.
  4082 | D:6      | Noticed a two-headed ogre
  4103 | D:6      | Killed a two-headed ogre
  4103 | D:6      | Reached skill level 5 in Fighting
  4103 | D:6      | Reached skill level 10 in Axes
  4153 | D:6      | Reached XP level 9. HP: 39/74 MP: 10/10
  4583 | D:6      | Reached ** piety under Nemelex Xobeh
  4653 | D:6      | Found an iron altar of Okawaru.
  4848 | D:7      | Found a burning altar of Makhleb.
  4984 | D:7      | Found a hazy altar of Hepliaklqana.
  4999 | D:7      | Reached skill level 11 in Axes
  5003 | D:7      | Received a gift from Nemelex Xobeh
  5158 | D:7      | Found a staircase to the Ecumenical Temple.
  5289 | D:7      | Reached *** piety under Nemelex Xobeh
  5303 | D:7      | Found a hide-covered altar of Uskayaw.
  5334 | D:7      | Found a shimmering altar of Xom.
  5477 | D:7      | Slain by a yak

Levels and vault maps discovered:
D:1:      lightli_arrival_maybe_door_vault, layout_loops_ring,
          minmay_strange_pillars
D:2:      layout_basic, kennysheep_generic_room_10
D:3:      minmay_inner_zag, layout_loops_cross, zin_academy,
          minmay_misc_feat_chi, nrook_mini_vaults, nemelex_dance_club_becter,
          uniq_grinder, uniq_purgy
D:4:      layout_basic, old_standard_altar, lemuel_crystal_altar, first_ration,
          elyvilon_altar_4
D:5:      layout_cave_pools, vehumet_crystals, minitemple, basic_altar,
          grunt_dithmenos_smoke
D:6:      layout_cave_pools, nicolae_overflow_crystal_walls,
          nicolae_overflow_hidden_temple, minmay_manual_moon
D:7:      layout_gridville, kennysheep_mini_moat, lemuel_crystal_altar,
          makhleb_heckhound_becter, lemuel_doored_altar,
          minmay_temple_entry_antechambers, serial_shops, shop

Skill      XL: |  1  2  3  4  5  6  7  8  9 |
---------------+----------------------------+-----
Axes           | 3 4 5 6 8 10 11 | 11.4
Armour         | 4 5 6 |  6.9
Shields        | 4 5 6 |  6.8
Fighting       | 4 5 |  5.9
Evocations     | 1 |  1.6
Invocations    | 1 2 3 4 |  4.4
Throwing       | |  0.2

Action                   |  1- 3 |  4- 6 |  7- 9 || total
-------------------------+-------+-------+-------++-------
Melee: War axe           |    72 |    95 |   214 ||   381
       Headbutt          |     9 |    20 |    42 ||    71
Throw: Javelin           |     2 |     1 |     2 ||     5
 Abil: Draw Destruction  |       |       |     7 ||     7
       Draw Summoning    |       |       |     1 ||     1
  Use: Scroll            |     1 |       |       ||     1
  Eat: Chunk             |     1 |     5 |     9 ||    15
Armor: Scale mail        |    17 |       |       ||    17
       Chain mail        |     5 |    38 |   122 ||   165
Dodge: Dodged            |    15 |    42 |    46 ||   103
Block: Shield            |    39 |    71 |   119 ||   229
